 Dungeon Crawl Stone Soup version 0.29.1-12-g30fa7ad0bf (webtiles) character file.

Game seed: 5186342257505419486

127 KittyFluff the Shield-Bearer (level 5, -3/33 HPs)
             Began as a Gargoyle Fighter on Dec 27, 2022.
             Slain by a gnoll
             ... wielding a +0 spear
              (7 damage)
             ... on level 3 of the Dungeon.
             The game lasted 00:10:22 (2148 turns).

KittyFluff the Shield-Bearer (Gargoyle Fighter)     Turns: 2148, Time: 00:10:23

Health: -3/33      AC: 11    Str: 20    XL:     5   Next: 11%
Magic:  5/5        EV: 10    Int:  8    God:
Gold:   110        SH:  4    Dex: 11    Spells: 4/4 levels left

rFire   . . .      SeeInvis .   a - +0 flail
rCold   . . .      Faith    .   c - +0 buckler
rNeg    + . .      Spirit   .   o - +0 ring mail {Will+}
rPois   ∞          Reflect  .   (no helmet)
rElec   +          Harm     .   l - +0 cloak
rCorr   .          Rampage  .   (no gloves)
Will    +....                   (no boots)
Stlth   +.........              (no amulet)
HPRegen 0.11/turn               (no ring)
MPRegen 0.09/turn               (no ring)

@: mighty
A: sickness immunity, AC +4, negative energy resistance 1, electricity
resistance, torment resistance 1, petrification resistance
a: no special abilities


You were on level 3 of the Dungeon.
You visited 1 branch of the dungeon, and saw 3 of its levels.

You collected 110 gold pieces.

Inventory:

Hand Weapons
 a - a +0 flail (weapon)
 r - a +2 whip of freezing
Missiles
 e - 10 boomerangs (quivered)
 f - 14 stones
 k - 6 poisoned darts
 t - 6 javelins
Armour
 b - a +0 scale mail
 c - a +0 buckler (worn)
 h - a +0 ring mail
 l - a +0 cloak (worn)
 o - a +0 ring mail of willpower (worn)
 u - a +0 leather armour
Scrolls
 g - 5 scrolls of identify {unknown}
 i - a scroll of poison {unknown}
 m - a scroll of acquirement {unknown}
 s - a scroll of blinking {unknown}
 v - a scroll of immolation
 w - a scroll of butterflies {unknown}
Potions
 j - a potion of ambrosia {unknown}
 n - 2 potions of heal wounds {unknown}
 p - a potion of berserk rage {unknown}
 q - a potion of cancellation {unknown}
 x - a potion of curing {unknown}


   Skills:
 + Level 3.9 Fighting
 + Level 3.0 Maces & Flails
 + Level 0.2 Throwing
 * Level 4.1 Armour
 + Level 0.5 Dodging
 * Level 4.2 Shields


You had 4 spell levels left.
You didn't know any spells.
Your spell library contained the following spells:

 Spells                   Type           Power      Damage    Failure   Level
 Corpse Rot               Necr/Pois/Air  0%         N/A       100%        4
 Dispel Undead            Necr           0%         3d6       100%        4
 Death Channel            Necr           0%         N/A       100%        6


Dungeon Overview and Level Annotations

Branches:
Dungeon (3/15)

Altars:


Innate Abilities, Weirdness & Mutations

You are immune to sickness and miasma.
Your stone body is resilient. (AC +4)
You are immune to poison.
You resist negative energy. (rN+)
You are resistant to electric shocks. (rElec)
You are resistant to unholy torment.
You are immune to petrification.


Message History

The gnoll shouts!
The gnoll hits you but does no damage.
You barely miss the gnoll. The gnoll barely misses you.
The gnoll hits you but does no damage.
You closely miss the gnoll. The gnoll hits you but does no damage.
The gnoll hits you with a +0 spear.
You closely miss the gnoll. You block the gnoll's attack.
The gnoll hits you but does no damage.
You completely miss the gnoll. The gnoll closely misses you.
The gnoll hits you with a +0 spear! The gnoll hits you but does no damage.
You block the gnoll's attack.
You hit the gnoll.
The gnoll is moderately wounded.
The gnoll hits you but does no damage. x2
You barely miss the gnoll.
The gnoll is moderately wounded.
You block the gnoll's attack. The gnoll hits you but does no damage.
You barely miss the gnoll.
The gnoll is moderately wounded.
The gnoll barely misses you. The gnoll hits you with a +0 spear.
A gnoll comes into view. It is wielding a +0 spear.
The gnoll hits you but does no damage.
The gnoll hits you from afar with a +0 spear.
You barely miss the gnoll.
The gnoll is moderately wounded.
The gnoll hits you but does no damage. The gnoll hits you with a +0 spear.
You closely miss the gnoll.
The gnoll is moderately wounded.
The gnoll hits you but does no damage. The gnoll hits you with a +0 spear.
* * * LOW HITPOINT WARNING * * *
You feel very mighty all of a sudden. You block the gnoll's attack.
The gnoll hits you but does no damage.
You hit the gnoll.
The gnoll is severely wounded.
The gnoll completely misses you. The gnoll hits you with a +0 spear.
* * * LOW HITPOINT WARNING * * *
You sock the gnoll!
You kill the gnoll!
The gnoll hits you from afar with a +0 spear!
You die...

#.# #.#
#.# #.#
#.# #.#
#.#
#.#####.#
#..@)ggg#
#.#######
###


You could see 3 gnolls.

Vanquished Creatures
  Terence (D:2)
  A gnoll (D:3)
  2 adders
  A dart slug (D:1)
  6 orcs (D:3)
  2 ball pythons
  3 bats
  10 endoplasms
  A giant cockroach (D:1)
  3 goblins
  5 hobgoblins
  15 jackals
  3 quokkas
  6 frilled lizards
  4 kobolds
  9 rats
72 creatures vanquished.

Notes
Turn   | Place    | Note
-------+----------+-------------------------------------------
     0 | D:1      | KittyFluff the Gargoyle Fighter began the quest for the
                  | Orb.
     0 | D:1      | Reached XP level 1. HP: 14/14 MP: 1/1
   106 | D:1      | Reached XP level 2. HP: 19/19 MP: 2/2
   364 | D:1      | Reached XP level 3. HP: 23/23 MP: 3/3
   953 | D:2      | Noticed Terence
   980 | D:2      | Killed Terence
   981 | D:2      | Reached XP level 4. HP: 19/29 MP: 4/4
  1297 | D:2      | Found a faded altar of an unknown god.
  1814 | D:3      | Reached XP level 5. HP: 23/33 MP: 5/5
  2148 | D:3      | Slain by a gnoll

Illustrated notes

Levels and vault maps discovered:
D:1:      lemuel_arrival_funnel, layout_loops_ring, minmay_door_square
D:2:      layout_rooms, hellmonk_ecumenical_altar_blasted, uniq_terence
D:3:      layout_basic, general_overflow_altar, serial_bayou_pond_a,
          nrook_loot_triangle

Skill      XL: |  1  2  3  4 |
---------------+-------------+-----
Armour         | 4 |  4.1
Shields        | 4 |  4.2
Maces & Flails | 3 |  3.0
Fighting       | |  3.9
Throwing       | |  0.2
Dodging        | |  0.5

Action                   |  1- 3 |  4- 6 || total
-------------------------+-------+-------++-------
Melee: Flail             |   110 |    73 ||   183
Throw: Boomerang         |     5 |    12 ||    17
  Use: Potion            |       |     1 ||     1
Armor: Scale mail        |    69 |     5 ||    74
       Ring mail         |       |    44 ||    44
Dodge: Dodged            |    53 |    26 ||    79
Block: Buckler           |    21 |    13 ||    34
